 Dungeon Crawl Stone Soup version 0.29-a0-887-gcbe080d7e0 (webtiles) character file.

Game seed: 8866047211882790322

6846 kae the Martial Artist (level 10, -10/80 HPs)
             Began as a Demonspawn Gladiator on July 21, 2022.
             Was a Follower of Wu Jian.
             Mangled by Harold
             ... wielding a +0 war axe
              (18 damage)
             ... on level 9 of the Dungeon.
             The game lasted 00:11:29 (10202 turns).

kae the Martial Artist (Demonspawn Gladiator)      Turns: 10202, Time: 00:11:29

Health: -10/80     AC: 12    Str: 14    XL:     10   Next: 78%
Magic:  8/10       EV: 14    Int: 11    God:    Wu Jian [*.....]
Gold:   446        SH:  0    Dex: 18    Spells: 6/9 levels left

rFire   + . .      SeeInvis .     - Unarmed
rCold   . . .      Faith    .   (no shield)
rNeg    . . .      Spirit   .   y - +2 leather armour {rF+}
rPois   .          Reflect  .   b - +0 helmet
rElec   .          Harm     .   Z - +2 cloak
rCorr   .          Rampage  .   (no gloves)
Will    .....                   l - +0 pair of boots
Stlth   +.........              (no amulet)
HPRegen 0.23/turn               (no ring)
MPRegen 0.12/turn               (no ring)

@: lethally poisoned (-10 -> -16), wereblooded
A: demonic guardian 1, sharp scales 2, demonic magic 2, demonic touch 1
a: Renounce Religion


You were on level 9 of the Dungeon.
You worshipped Wu Jian.
Wu Jian was aware of your devotion.
You visited 2 branches of the dungeon, and saw 10 of its levels.

You collected 446 gold pieces.


Innate Abilities, Weirdness & Mutations

A weak demonic guardian rushes to your aid.
You are mostly covered in razor-sharp scales. (AC +2, Slay +2)
Spells you cast may paralyse nearby enemies.
Your touch may inflict minor irresistible damage on your foes.


   Skills:
 + Level 8.2 Fighting
 - Level 1.7 Throwing
 + Level 5.3 Dodging
 * Level 10.8 Unarmed Combat
 - Level 5.1 Necromancy
 - Level 5.3 Transmutations


You had 6 spell levels left.
You knew the following spells:

 Your Spells              Type           Power      Damage    Failure   Level
a - Necrotise             Necr           44%        1d6       5%          1
b - Wereblood             Tmut           11%        N/A       8%          2

Your spell library contained the following spells:

 Spells                   Type           Power      Damage    Failure   Level
 Sublimation of Blood     Necr           11%        N/A       9%          2
 Vampiric Draining        Necr           11%        2d6       16%         3
 Summon Small Mammal      Summ           0%         N/A       41%         1
 Call Canine Familiar     Summ           0%         N/A       80%         3
 Summon Guardian Golem    Hex/Summ       0%         N/A       80%         3
 Agony                    Necr           11%        N/A       83%         5
 Airstrike                Air            0%         0-1+      99%         4
 Summon Lightning Spire   Summ/Air       0%         N/A       99%         4
 Lightning Bolt           Conj/Air       0%         1d11      100%        5
 Summon Hydra             Summ           0%         N/A       100%        7

Inventory:

Hand Weapons
 g - a +0 whip
   (You took it off a kobold on level 1 of the Dungeon)
 i - a +4 dagger of speed
   (You took it off a goblin on level 1 of the Dungeon)
Missiles
 c - 4 throwing nets (quivered) {=f!f}
 d - a javelin
 f - 54 stones
 s - 6 boomerangs of dispersal {=f!f}
 H - a poisoned dart
 L - 5 boomerangs
Armour
 a - a +0 robe
   (You took it off a wight on level 8 of the Dungeon)
 b - a +0 helmet (worn)
 h - a +0 robe
   (You took it off a wight on level 8 of the Dungeon)
 j - a +0 robe
   (You took it off a wight on level 8 of the Dungeon)
 l - a +0 pair of boots (worn)
   (You found it on level 4 of the Dungeon)
 p - a +0 ring mail
   (You took it off an orc on level 8 of the Dungeon)
 q - a +0 chain mail
   (You took it off an orc warrior on level 8 of the Dungeon)
 t - a +0 leather armour
   (You took it off an orc on level 8 of the Dungeon)
 v - a +0 ring mail
   (You took it off an orc on level 8 of the Dungeon)
 w - a +0 robe
   (You took it off Pikel on level 8 of the Dungeon)
 x - a +0 robe
   (You took it off an orc wizard on level 8 of the Dungeon)
 y - a +2 leather armour of fire resistance (worn)
   (You took it off Duvessa on level 7 of the Dungeon)
 A - a +0 robe
   (You found it on level 8 of the Dungeon)
 B - a +0 ring mail
   (You took it off Joseph on level 8 of the Dungeon)
 C - a +2 hat of willpower
   (You took it off Gastronok on level 9 of the Dungeon)
 Z - a +2 cloak (worn)
   (You found it on level 6 of the Dungeon)
Jewellery
 I - a +6 ring of intelligence
   (You found it on level 8 of the Dungeon)
 T - an amulet of faith {!P}
   (You found it on level 2 of the Dungeon)
 Y - a +4 ring of slaying
   (You found it on level 3 of the Dungeon)
Wands
 r - a wand of roots (4)
   (You found it on level 8 of the Dungeon)
 u - a wand of charming (11)
   (You found it on level 8 of the Dungeon)
Scrolls
 e - 3 scrolls of teleportation {@r4}
 z - a scroll of torment {!r}
 R - a scroll of identify {@r1}
Potions
 k - a potion of heal wounds {@q2}
 m - 4 potions of resistance
 n - 4 potions of haste {@q3}
 o - 2 potions of brilliance
 D - a potion of attraction {!q}
 J - 5 potions of curing {@q1}

Dungeon Overview and Level Annotations

Branches:
Dungeon (9/15) Zot: 26678  Temple (1/1) D:7 Zot: 5928
   Lair: D:8-11         Orc: D:9-12

Altars:
Ashenzari
Cheibriados
Dithmenos
Fedhas
Gozag
Hepliaklqana
Kikubaaqudgha
Makhleb
Nemelex Xobeh
Okawaru
Qazlal
Ru
Trog
Uskayaw
Vehumet
Wu Jian
Xom
Yredelemnul

Shops:
D:1 (   D:4 (

Annotations:
D:4 Edmund
D:9 Harold
Temple 2 transporters

........##
.........##
..........##
...........##
............##
.............##
.......@......#
.......@.......
...............
...............
...............
...............
...............
...............
...............


You could see Harold.


Message History

The quokka bites you but does no damage.
The bat hits you but does no damage.
Your quasit bites the bat.
Your quasit barely misses the bat. x2
Unknown command.
You punch Gastronok! The bat misses you. The quokka barely misses you.
The river rat bites you but does no damage.
Gastronok barely misses you.
Your quasit bites the bat.
The bat dies!
The bat's corpse disappears in a puff of smoke!
You hit Gastronok but do no damage.
You touch Gastronok.
The quokka closely misses you. The river rat barely misses you.
Your quasit barely misses the river rat.
Your quasit claws the river rat but does no damage.
Your quasit claws the river rat.
Unknown command.
You hit Gastronok.
You touch Gastronok.
You kill Gastronok!
The Council accepts your kill.
The river rat disappears in a puff of smoke!
The quokka disappears in a puff of smoke!
You feel your strength returning.
Your Fighting skill increases to level 8!
Your Dodging skill increases to level 5!
Things that are here:
a +2 hat of willpower; the elephant slug corpse of Gastronok 😨 HP[+1]
You start resting.
Your quasit disappears in a puff of smoke!
A killer bee comes into view. x2 😨 HP[+9]
You regained 9 hp, and now have 36/80 hp.
A killer bee comes into view. x2
The killer bee buzzes angrily.
Things that are here:
a +2 hat of willpower; the elephant slug corpse of Gastronok
C - a +2 hat of willpower
Casting: Wereblood (safe; 8% risk of failure)
Confirm with . or Enter, or press ? or * to list all spells.
Your blood is infused with primal strength.
Malevolent energies surge around you.
The killer bee suddenly stops moving!
A killer bee comes into view.
The killer bee barely misses you. The killer bee misses you.
The killer bee completely misses you.
A killer bee comes into view.
The killer bee stings you but does no damage.
The killer bee stings you.
* * * LOW HITPOINT WARNING * * *
The killer bee stings you.
* * * LOW HITPOINT WARNING * * *
You are poisoned.
The killer bee poisons you!
The killer bee stings you but does no damage. 😨 HP[-3] MP[-2]
You take 3 damage, and now have 33/80 hp.
You lost 2 mp, and now have 8/10 mp.
Okay, then.
Okay, then.
Okay, then.
The killer bee buzzes angrily. x2
You hit the killer bee.
You feel sick. The killer bee closely misses you. The killer bee misses you.
The killer bee stings you but does no damage. x3
The killer bee stings you.
* * * LOW HITPOINT WARNING * * *
😨 HP[-6]
You take 6 damage, and now have 27/80 hp.
You miss the killer bee.
You feel sick.
The killer bee is no longer paralysed.
The killer bee stings you but does no damage. x3
The killer bee completely misses you. The killer bee stings you.
* * * LOW HITPOINT WARNING * * *
You are more poisoned.
The killer bee poisons you!
The killer bee stings you but does no damage.
The killer bee stings you.
* * * LOW HITPOINT WARNING * * *
😱 HP[-9]
You take 9 damage, and now have 18/80 hp.
Okay, then.
Okay, then.
As you read the scroll of fear, it crumbles to dust.
You assume a fearsome visage.
The killer bee looks frightened! x6
* * * LOW HITPOINT WARNING * * *
You feel very sick. 😱 HP[-4]
You take 4 damage, and now have 14/80 hp.
As you read the scroll of teleportation {@r4}, it crumbles to dust.
You feel strangely unstable.
* * * LOW HITPOINT WARNING * * *
You feel very sick. 😱 HP[-2]
You take 2 damage, and now have 12/80 hp.
You feel sick. 😱 HP[-2]
You take 2 damage, and now have 10/80 hp.
Your surroundings suddenly seem different.
Harold the Weathered comes into view.
He is wielding a +0 war axe and wearing a +3 scale mail of fire resistance.
You feel sick.
Harold shouts!
Harold hits you with a +0 war axe!!
You die...

Skill      XL: |  1  2  3  4  5  6  7  8  9 10 |
---------------+-------------------------------+-----
Unarmed Combat | 3 4 5 6 7 9 10 | 10.8
Fighting       | 3 4 5 7 8 |  8.2
Necromancy     | 2 3 5 |  5.1
Transmutations | 3 5 |  5.3
Dodging        | 3 5 |  5.3
Throwing       | |  1.7

Action                   |  1- 3 |  4- 6 |  7- 9 | 10-12 || total
-------------------------+-------+-------+-------+-------++-------
Melee: Whip              |     7 |       |       |       ||     7
       Unarmed           |     5 |       |   107 |    64 ||   176
       Dagger            |    97 |   103 |   108 |       ||   308
       Punch             |     3 |     1 |    14 |     4 ||    22
       Touch             |       |    23 |    50 |    22 ||    95
 Cast: Necrotise         |       |    21 |    40 |       ||    61
       Wereblood         |       |       |     3 |     1 ||     4
Invok: Lunge             |       |       |    11 |     4 ||    15
Evoke: Wand              |       |       |     4 |       ||     4
  Use: Scroll            |     2 |     7 |     5 |     3 ||    17
       Potion            |       |     1 |     2 |     5 ||     8
 Stab: Sleeping          |       |     2 |     1 |       ||     3
       Paralysed         |       |    11 |    33 |       ||    44
       Invisible         |       |       |       |     1 ||     1
Armor: Leather armour    |    48 |    27 |    64 |    38 ||   177
       Skin              |       |       |       |     2 ||     2
Dodge: Dodged            |    52 |    60 |    97 |    50 ||   259

Levels and vault maps discovered:
D:1:      heliophobic_arrival_glass_houses, layout_loops_ring, serial_shops,
          nicolae_shop_overgrown_old_shop
D:2:      layout_loops_ring, basic_altar, shapermc_ecumenical_altar_notcrosses,
          kennysheep_donut, minmay_three_crescents, uniq_natasha
D:3:      layout_rooms, mainiacjoe_overflow_brackets, kennysheep_generic_room_4
D:4:      layout_loops_ring, kennysheep_doodads, nicolae_shop_firing_range,
          uniq_edmund
D:5:      layout_cave_pools, minmay_misc_feat_ornament
D:6:      layout_rooms, general_overflow_altar, serial_aquarium,
          aquarium_bridge_square [aquarium_subvault_wall,
          aquarium_subvault_balcony, aquarium_subvault_window,
          aquarium_subvault_bridge], aquarium_window_fake, aquarium_window_fake,
          aquarium_view_2d, aquarium_balcony_double_1, aquarium_pool_split,
          hangedman_abyss_or_decor_passed, kennysheep_nondescript
D:7:      layout_layer_cave, minmay_temple_entry_overgrown,
          kennysheep_generic_room_6, uniq_duvessa
D:8:      layout_basic, uniq_pikel, uniq_joseph
D:9:      layout_big_octagon, orc_0_dummy, uniq_gastronok, uniq_harold
Temple:   hellmonk_temple_divided_pantheon

Notes
Turn   | Place    | Note
-------+----------+-------------------------------------------
     0 | D:1      | kae the Demonspawn Gladiator began the quest for the Orb.
     0 | D:1      | Reached XP level 1. HP: 16/16 MP: 1/1
     0 | D:1      | magus.rc [v1.11.3]
   115 | D:1      | Found Ywuvoijou's Antique Weapon Boutique.
   127 | D:1      | Reached skill level 3 in Unarmed Combat
   162 | D:1      | Gained mutation: You are partially covered in razor-sharp
                  | scales. (AC +1, Slay +1) [demonic ancestry]
   162 | D:1      | Reached XP level 2. HP: 19/22 MP: 2/2
   298 | D:1      | You pick up a book of Blood and begin reading...
   298 | D:1      | You add the spells Sublimation of Blood, Wereblood and
                  | Summon Hydra to your library.
   300 | D:1      | You pick up a book of Necromancy and begin reading...
   300 | D:1      | You add the spells Necrotise, Vampiric Draining and Agony
                  | to your library.
   958 | D:2      | Noticed Natasha
   973 | D:2      | Killed Natasha
   974 | D:2      | Gained mutation: A weak demonic guardian rushes to your
                  | aid. [demonic ancestry]
   974 | D:2      | Reached XP level 3. HP: 14/28 MP: 3/3
  1310 | D:2      | Reached skill level 4 in Unarmed Combat
  1467 | D:2      | Gained mutation: Your touch may inflict minor irresistible
                  | damage on your foes. [demonic ancestry]
  1467 | D:2      | Reached XP level 4. HP: 31/34 MP: 4/4
  1556 | D:2      | Found a faded altar of an unknown god.
  2002 | D:2      | Found a shadowy altar of Dithmenos.
  2106 | D:2      | Reached skill level 3 in Fighting
  2591 | D:3      | Gained mutation: Spells you cast may paralyse adjacent
                  | enemies. [demonic ancestry]
  2591 | D:3      | Reached XP level 5. HP: 34/41 MP: 5/5
  2599 | D:3      | Learned a level 1 spell: Necrotise
  2925 | D:3      | Reached skill level 1 in Necromancy
  3481 | D:4      | Reached skill level 5 in Unarmed Combat
  3488 | D:4      | Reached skill level 2 in Necromancy
  3488 | D:4      | Gained mutation: You are mostly covered in razor-sharp
                  | scales. (AC +2, Slay +2) [demonic ancestry]
  3488 | D:4      | Reached XP level 6. HP: 47/48 MP: 4/6
  3713 | D:4      | Noticed Edmund
  3724 | D:4      | HP: 10/48 [Edmund/+2 dire flail of protection (8)]
  4009 | D:4      | Found Ilicsom's Firing Range.
  4327 | D:5      | Entered Level 5 of the Dungeon
  4335 | D:5      | You pick up a book of Storms and begin reading...
  4335 | D:5      | You add the spells Airstrike, Summon Lightning Spire and
                  | Lightning Bolt to your library.
  4351 | D:5      | Reached skill level 4 in Fighting
  4351 | D:5      | Reached skill level 3 in Necromancy
  4453 | D:5      | Reached XP level 7. HP: 53/54 MP: 4/7
  4590 | D:5      | Reached skill level 4 in Necromancy
  5014 | D:5      | Reached skill level 6 in Unarmed Combat
  5332 | D:6      | Reached skill level 5 in Necromancy
  5505 | D:6      | Gained mutation: Spells you cast may paralyse nearby
                  | enemies. [demonic ancestry]
  5505 | D:6      | Reached XP level 8. HP: 61/61 MP: 6/8
  5508 | D:6      | Learned a level 2 spell: Wereblood
  5548 | D:6      | Reached skill level 1 in Transmutations
  5551 | D:6      | Reached skill level 5 in Fighting
  5578 | D:6      | Reached skill level 2 in Transmutations
  5579 | D:6      | Reached skill level 7 in Unarmed Combat
  6126 | D:6      | Found a sparkling altar of Nemelex Xobeh.
  6220 | D:7      | Reached skill level 3 in Transmutations
  6621 | D:7      | You pick up a book of Callings and begin reading...
  6621 | D:7      | You add the spells Summon Small Mammal, Call Canine
                  | Familiar and Summon Guardian Golem to your library.
  6622 | D:7      | Found a staircase to the Ecumenical Temple.
  6623 | D:7      | Noticed Dowan
  6628 | D:7      | Noticed Duvessa
  6656 | D:7      | Killed Duvessa
  6672 | D:7      | Killed Dowan
  6681 | Temple   | Entered the Ecumenical Temple
  6681 | Temple   | Found a transporter.
  6681 | Temple   | Found a transporter.
  6714 | Temple   | Found a transporter.
  6714 | Temple   | Found a transporter.
  6734 | Temple   | Became a worshipper of the Wu Jian Council
  6906 | D:7      | Reached XP level 9. HP: 55/69 MP: 9/9
  6909 | D:7      | Reached skill level 4 in Transmutations
  7038 | D:7      | Reached skill level 8 in Unarmed Combat
  7043 | D:7      | HP: 13/64 [wight/+0 great sword (10)]
  7046 | D:7      | Reached skill level 6 in Fighting
  8389 | D:8      | Reached skill level 5 in Transmutations
  8687 | D:8      | Noticed a two-headed ogre
  8987 | D:8      | Noticed Joseph
  9000 | D:8      | Killed Joseph
  9001 | D:8      | Reached skill level 3 in Dodging
  9001 | D:8      | Reached skill level 9 in Unarmed Combat
  9156 | D:8      | Killed a two-headed ogre
  9156 | D:8      | Reached * piety under Wu Jian
  9157 | D:8      | Reached skill level 7 in Fighting
  9157 | D:8      | Reached XP level 10. HP: 29/79 MP: 10/10
  9469 | D:8      | Noticed a two-headed ogre
  9480 | D:8      | Killed a two-headed ogre
  9481 | D:8      | Reached skill level 4 in Dodging
  9573 | D:8      | Noticed Pikel
  9593 | D:8      | Killed Pikel
  9594 | D:8      | Reached skill level 10 in Unarmed Combat
 10126 | D:9      | Noticed Gastronok
 10151 | D:9      | Killed Gastronok
 10152 | D:9      | Reached skill level 8 in Fighting
 10152 | D:9      | Reached skill level 5 in Dodging
 10198 | D:9      | HP: 18/80 [killer bee (6)]
 10202 | D:9      | Noticed Harold
 10202 | D:9      | HP: 8/80 [poisoned by a killer bee]
 10202 | D:9      | Mangled by Harold

Vanquished Creatures
  Gastronok (D:9)
  2 two-headed ogres (D:8)
  Pikel (D:8)
  Joseph (D:8)
  A wyvern (D:8)
  5 yaks
  A water moccasin (D:6)
  Duvessa (D:7)
  An orc warrior (D:8)
  An ogre (D:5)
  4 centaurs
  2 lemures (D:8)
  2 bullfrogs (D:8)
  4 scorpions
  A necrophage (D:8)
  18 wights
  Dowan (D:7)
  3 howler monkeys
  4 hounds
  3 jellies
  2 orc priests
  2 iguanas
  Natasha (D:2)
  6 orc wizards
  4 adders
  A white imp (D:6)
  3 ufetubi
  A worm (D:3)
  3 dart slugs
  26 orcs
  9 endoplasms
  2 giant cockroaches
  4 goblins
  8 hobgoblins
  4 jackals (D:5)
  2 quokkas
  6 ball pythons
  5 bats
  2 frilled lizards
  4 kobolds
  4 rats
156 creatures vanquished.

Vanquished Creatures (collateral kills)
  A necrophage (D:3)
  A wight (D:7)
  A jelly (D:7)
  An endoplasm (D:3)
  A kobold (D:2)
5 creatures vanquished.

Vanquished Creatures (others)
  10 fungi (D:6)
  3 plants (D:7)
13 creatures vanquished.

Grand Total: 174 creatures vanquished

Table legend:
 A = Non-vault XP
 B = Vault XP
 C = Vault XP percentage of total XP
 D = Non-vault monster count
 E = Vault monster count
 F = Vault count percentage of total count
                 A         B        C        D         E       F
            +---------+---------+-------+---------+---------+-------
      Total |    6794 |    2987 |  30.5 |     141 |      18 |  11.3
            +---------+---------+-------+---------+---------+-------
        D:1 |      26 |       0 |   0.0 |      16 |       0 |   0.0
        D:2 |      66 |      57 |  46.3 |      17 |       7 |  29.2
        D:3 |     160 |       8 |   4.8 |      15 |       2 |  11.8
        D:4 |     254 |       0 |   0.0 |      14 |       0 |   0.0
        D:5 |     511 |       0 |   0.0 |      18 |       0 |   0.0
        D:6 |    1103 |       0 |   0.0 |      17 |       0 |   0.0
        D:7 |    1058 |     307 |  22.5 |      20 |       6 |  23.1
        D:8 |    3224 |    1071 |  24.9 |      22 |       2 |   8.3
        D:9 |     392 |    1544 |  79.8 |       2 |       1 |  33.3
            +---------+---------+-------+---------+---------+-------

Illustrated notes

Table legend:
 A = Kills in this place as a percentage of kills in entire the game.
 B = Kills by you in this place as a percentage of kills by you in the entire game.
 C = Kills by friends in this place as a percentage of kills by friends in the entire game.
 D = Other kills in this place as a percentage of other kills in the entire game.
 E = Experience gained in this place as a percentage of experience gained in the entire game.
 F = Experience gained in this place divided by the number of levels of this place that you have seen.
                   A       B       C       D       E      F
               +-------+-------+-------+-------+-------+----------------------
         Total | 100.0 | 100.0 | 100.0 |   N/A | 100.0 | 978.1
       Dungeon | 100.0 | 100.0 | 100.0 |   N/A | 100.0 | 1086.8
               +-------+-------+-------+-------+-------+----------------------

Table legend: (Time is in decaauts)
 A = Elapsed time spent in this place.
 B = Non-inter-level travel time spent in this place.
 C = Inter-level travel time spent in this place.
 D = Time resting spent in this place.
 E = Time spent auto-exploring this place.
 F = Levels seen in this place.
 G = Mean time per level.
                   A        B        C        D        E       F      G
               +--------+--------+--------+--------+--------+-----+--------+
         Total |  10078 |   9796 |    282 |   2189 |   6236 |  10 | 1007.8 |
       Dungeon |  10006 |   9730 |    276 |   2159 |   6236 |   9 | 1111.8 |
        Temple |     71 |     65 |      6 |     30 |      0 |   1 |   71.0 |
               +--------+--------+--------+--------+--------+-----+--------+

Top non-repeatable levels by time:
     D:7: 2250 daAuts
     D:2: 1600 daAuts
     D:8: 1464 daAuts
     D:6: 1082 daAuts
     D:4: 980 daAuts
     D:3: 875 daAuts
     D:1: 819 daAuts
     D:5: 747 daAuts
     D:9: 186 daAuts
  Temple: 71 daAuts
